 Dungeon Crawl Stone Soup version 0.30-a0-1053-gbd8d5ba0ad (webtiles) character file.

Game seed: 12534339978417055435

24 PLAYERX the Covered (level 3, 0/25 HPs)
             Began as a Gnoll Wanderer on Apr 11, 2023.
             Frozen to death by an endoplasm (5 damage)
             ... on level 1 of the Dungeon.
             The game lasted 00:03:38 (662 turns).

PLAYERX the Covered (Gnoll Wanderer)                 Turns: 662, Time: 00:03:38

Health: 0/25       AC:  8    Str: 10    XL:     3   Next: 2%
Magic:  7/7        EV:  9    Int: 14    God:
Gold:   24         SH:  0    Dex: 11    Spells: 7/7 levels left

rFire   . . .      SeeInvis .    a - +0 club
rCold   . . .      Faith    +    (no shield)
rNeg    . . .      Spirit   .    b - +0 scale mail
rPois   .          Reflect  .    (no helmet)
rElec   .          Rampage  .    j - +0 cloak
rCorr   .                        (no gloves)
Will    .....                    (no boots) Stlth
                                 f - amulet of faith
HPRegen 0.24/turn                (no ring)
MPRegen 0.10/turn                (no ring)

@: no status effects
A: fangs 1, strong nose, distributed training
a: no special abilities


You were on level 1 of the Dungeon.
You visited 1 branch of the dungeon, and saw 1 of its levels.

You collected 24 gold pieces.

Inventory:

Hand Weapons
 a - a +0 club (weapon)
Armour
 b - a +0 scale mail (worn)
 j - a +0 cloak (worn)
Jewellery
 f - an amulet of faith (around neck)
Scrolls
 c - a scroll of fear
 d - a scroll of amnesia {unknown}
 e - 2 scrolls of poison {unknown}
 g - a scroll of torment {unknown}
 h - a scroll of teleportation {unknown}
 i - a scroll of identify {unknown}
Potions
 k - 2 potions of curing {unknown}


   Skills:
 + Level 0.6 Fighting
 + Level 0.6 Short Blades
 + Level 0.6 Long Blades
 + Level 0.6 Axes
 + Level 0.6 Maces & Flails
 + Level 0.6 Polearms
 + Level 0.6 Staves
 + Level 0.6 Ranged Weapons
 + Level 0.6 Throwing
 + Level 4.5 Armour
 + Level 2.5 Dodging
 + Level 0.6 Stealth
 + Level 0.6 Shields
 + Level 0.6 Unarmed Combat
 + Level 2.8 Spellcasting
 + Level 0.4 Conjurations
 + Level 0.4 Hexes
 + Level 0.4 Summonings
 + Level 0.4 Necromancy
 + Level 3.7 Translocations
 + Level 0.4 Transmutations
 + Level 0.4 Fire Magic
 + Level 0.4 Ice Magic
 + Level 0.4 Air Magic
 + Level 0.4 Earth Magic
 + Level 3.7 Poison Magic
 + Level 2.6 Invocations
 + Level 2.5 Evocations


You had 7 spell levels left.
You didn't know any spells.
Your spell library contained the following spells:

 Spells                   Type           Power      Damage    Failure   Level
 Apportation              Tloc           24%        N/A       28%         1
 Sting                    Tmut/Pois      28%        1d4       50%         1
 Volatile Blastmotes      Fire/Tloc      14%        2d11      86%         3
 Ignite Poison            Fire/Tmut/Pois 6%         N/A       90%         3
 Dazzling Flash           Conj/Hex       6%         N/A       97%         3
 Iskenderun's Mystic Bla  Conj/Tloc      7%         2d4       99%         4
 Starburst                Conj/Fire      1%         6d3       100%        6


Dungeon Overview and Level Annotations

Branches:
Dungeon (1/15)

Altars:


Innate Abilities, Weirdness & Mutations

You have very sharp teeth.
Your uncanny sense of smell can sniff out nearby items.
Your experience applies equally to all skills.


Message History

The endoplasm hits you but does no damage.
You hit the kobold but do no damage. The kobold hits you but does no damage.
The endoplasm freezes you.
You are frozen.
The kobold hits you but does no damage. The endoplasm closely misses you.
You closely miss the kobold. The kobold hits you with a +0 club.
The endoplasm hits you but does no damage.
You hit the kobold but do no damage. The kobold hits you but does no damage.
The endoplasm hits you but does no damage.
You hit the kobold but do no damage. The kobold hits you but does no damage.
The endoplasm freezes you.
You are frozen.
You are too injured to fight recklessly!
You are too injured to fight recklessly!
You are too injured to fight recklessly!
You barely miss the kobold. The kobold hits you but does no damage.
The endoplasm freezes you.
You are frozen.
* * * LOW HITPOINT WARNING * * *
The kobold misses you. The endoplasm barely misses you.
You hit the kobold. You bite the kobold, but do no damage.
The kobold is severely wounded.
The kobold barely misses you. The endoplasm freezes you.
You are frozen.
* * * LOW HITPOINT WARNING * * *
You hit the kobold but do no damage.
The kobold is severely wounded.
The kobold hits you but does no damage. The endoplasm hits you.
* * * LOW HITPOINT WARNING * * *
You barely miss the kobold.
The kobold is severely wounded.
The kobold hits you but does no damage. The endoplasm hits you.
* * * LOW HITPOINT WARNING * * *
You hit the kobold but do no damage.
The kobold is severely wounded.
The kobold hits you but does no damage. The endoplasm freezes you.
You are frozen.
You die...

#.# #.. #### ##.# .. .. .....
..# . .. ..... ..# #..#
#....)#.# #..# .....#.# ######
#..## #..#.##.....# ....#
#..†..@K....+ ....#
#....##J....# #..## ####.#
###### #...# #.# ....# #.# #####
....##≈ #.# #...# .....≈
#....#≈≈ #####.#####...# ...?.≈
#..#.#≈≈##.........'...# .....§
#..#.#≈≈≈#..##.#####...####.....


You could see an endoplasm and a kobold.

Vanquished Creatures
  A dart slug (D:1)
  5 ball pythons (D:1)
  3 bats (D:1)
  An endoplasm (D:1)
  2 giant cockroaches (D:1)
  A goblin (D:1)
  3 hobgoblins (D:1)
  A frilled lizard (D:1)
  A kobold (D:1)
  3 rats (D:1)
21 creatures vanquished.

Notes
Turn   | Place    | Note
-------+----------+-------------------------------------------
     0 | D:1      | PLAYERX the Gnoll Wanderer began the quest for the Orb.
     0 | D:1      | PLAYERX set off with the following items: a +0 club, a
                  | scroll of fear, a +0 scale mail; and the following spells
                  | available to memorise: Apportation, Sting, Volatile
                  | Blastmotes, Ignite Poison, Iskenderun's Mystic Blast.
     0 | D:1      | Reached XP level 1. HP: 13/13 MP: 4/4
   203 | D:1      | Reached XP level 2. HP: 20/20 MP: 5/5
   601 | D:1      | Reached XP level 3. HP: 25/25 MP: 7/7
   662 | D:1      | Frozen to death by an endoplasm

Illustrated notes

Levels and vault maps discovered:
D:1:      dpeg_arrival_rooms_with_view, layout_basic, dk_noncrumbling_3,
          chequers_big_river, minmay_misc_feat_alley

Action                     || total
---------------------------++-------
  Melee: Club              ||    91
         Bite              ||     5
         Punch             ||     2
 Armour: Scale mail        ||    57
  Dodge: Dodged            ||    49

Table legend: (Time is in decaauts)
 A = Elapsed time spent in this place.
 B = Non-inter-level travel time spent in this place.
 C = Inter-level travel time spent in this place.
 D = Time resting spent in this place.
 E = Time spent auto-exploring this place.
 F = Levels seen in this place.
 G = Mean time per level.
                   A        B        C        D        E       F      G
               +--------+--------+--------+--------+--------+-----+--------+
         Total |    687 |    687 |      0 |     61 |    395 |   1 |  687.0 |
       Dungeon |    687 |    687 |      0 |     61 |    395 |   1 |  687.0 |
               +--------+--------+--------+--------+--------+-----+--------+

Top non-repeatable levels by time:
     D:1: 687 daAuts
